 Dungeon Crawl Stone Soup version 0.23.2-33-g5129a83184 (webtiles) character file.

Game seed: 9071629928027752812

28527 esteth the Severer (level 13, -6/124 HPs)
             Began as a Minotaur Berserker on July 7, 2019.
             Was a High Priest of Trog.
             Mangled by an eight-headed hydra (8 damage)
             ... on level 3 of the Lair of Beasts.
             The game lasted 00:24:14 (12168 turns).

esteth the Severer (Minotaur Berserker)            Turns: 12168, Time: 00:24:15

Health: -6/124     AC: 12    Str: 24    XL:     13   Next: 10%
Magic:  12/12      EV: 17    Int:  9    God:    Trog [*****.]
Gold:   845        SH:  0    Dex: 15    Spells: 12/12 levels left

rFire    + + .     SeeInvis .   P - +11 battleaxe "Widowmaker" {chop, Str+2}
rCold    . . .     Gourm    .   (shield currently unavailable)
rNeg     . . .     Faith    .   Q - +4 troll leather armour
rPois    .         Spirit   .   (helmet restricted)
rElec    .         Reflect  .   X - +0 cloak {rF+}
rCorr    .         Harm     .   x - +0 pair of gloves
MR       ++...                  C - +0 pair of boots
Stlth    +.........             (no amulet)
HPRegen  1.70/turn              g - +3 ring of evasion
MPRegen  0.13/turn              O - ring of protection from fire

@: brilliant, regenerating
A: retaliatory headbutt, horns 2
a: Berserk, Trog's Hand, Brothers in Arms, Renounce Religion


You were on level 3 of the Lair of Beasts.
You worshipped Trog.
Trog was extremely pleased with you.
You were not hungry.

You visited 2 branches of the dungeon, and saw 14 of its levels.
You also visited: Volcano.

You collected 845 gold pieces.

Inventory:

Hand Weapons
 b - a +3 shortbow
 l - the cursed +1 war axe of Calculation {drain, *Drain +Inv rC++ Stlth+, unknown}
   (You found it on level 1 of the Lair of Beasts)

   A truly terrible weapon, it drains the life of those it strikes.
   It greatly protects you from cold.
   It lets you turn invisible.
   It causes draining when unequipped.
   It makes you more stealthy.
   It has a curse placed upon it.
 m - a +3 executioner's axe of venom
 L - a +0 broad axe of flaming
 P - the +11 battleaxe "Widowmaker" (weapon) {chop, Str+2}
   (Trog gifted it to you on level 9 of the Dungeon)

   It inflicts extra damage upon your enemies.
   It affects your strength (+2).
 S - a +0 arbalest
 Z - a +5 shortbow of flaming
Missiles
 f - 4 tomahawks of returning (quivered)
 i - 174 arrows
Armour
 k - a +0 scale mail
 x - a +0 pair of gloves (worn)
 C - a +0 pair of boots (worn)
 Q - a +4 troll leather armour (worn)
 X - a +0 cloak of fire resistance (worn)
 Y - a +2 plate armour of fire resistance
Jewellery
 a - a +5 ring of dexterity
 g - a +3 ring of evasion (left hand)
 j - an uncursed ring of resist corrosion
 F - an uncursed ring of protection from cold
 M - an uncursed ring of fire
 O - a ring of protection from fire (right hand)
 T - an uncursed ring of protection from fire
Wands
 d - a wand of scattershot (5)
 u - a wand of enslavement (10)
 G - a wand of acid (20)
 K - a wand of iceblast (11)
 N - a wand of clouds (4)
Scrolls
 n - 8 scrolls of remove curse
 o - 4 scrolls of teleportation {unknown}
 p - a scroll of fog {unknown}
 q - a scroll of enchant weapon
 s - 8 scrolls of magic mapping {unknown}
 t - 5 scrolls of fear {unknown}
 v - 7 scrolls of amnesia {unknown}
 y - 2 scrolls of immolation {unknown}
 H - a scroll of blinking {unknown}
 I - 2 scrolls of brand weapon {unknown}
 U - a scroll of identify
Potions
 e - 4 potions of brilliance
 h - 4 potions of berserk rage {unknown}
 r - 4 potions of curing {unknown}
 z - 3 potions of haste {unknown}
 A - a potion of cancellation {unknown}
 B - a potion of degeneration {unknown}
 D - 4 potions of heal wounds {unknown}
 E - 2 potions of might {unknown}
 J - 3 potions of agility {unknown}
 R - 2 potions of flight {unknown}
 W - a potion of resistance {unknown}
Comestibles
 c - 25 rations


   Skills:
 + Level 14.0 Fighting
 - Level 20.0 Axes
 + Level 5.1 Armour
 + Level 4.6 Dodging


You had 12 spell levels left.
You didn't know any spells.
Your spell library was empty.

Dungeon Overview and Level Annotations

Branches:
Dungeon (11/15)            Temple (0/1) D:5            Lair (3/6) D:11
 Spider (0/4) Lair:2          Orc (0/2) D:11
  Swamp: Lair:2-4    Shoals: Lair:2-4

Altars:
Ashenzari
Dithmenos
Fedhas
Qazlal
Ru
Trog

Shops:
D:8 [


Innate Abilities, Weirdness & Mutations

You reflexively headbutt those who attack you in melee.
You have a pair of horns on your head.


Message History

As you read the scroll labeled ILASIE MEYNOTROJ, it crumbles to dust.
You hear a loud clanging noise!
It was a scroll of noise.
You hear an angry buzzing noise. x17
As you read the scroll labeled SUCLETAIPU, it crumbles to dust.
It is a scroll of enchant weapon.
Your +4 shortbow of flaming glows red for a moment.
The ice encasing you melts away.
The eight-headed hydra completely misses you.
The eight-headed hydra bites you but does no damage.
The eight-headed hydra bites you!
* * * LOW HITPOINT WARNING * * *
The eight-headed hydra bites you.
* * * LOW HITPOINT WARNING * * *
The eight-headed hydra barely misses you.
The eight-headed hydra bites you but does no damage.
The eight-headed hydra bites you.
* * * LOW HITPOINT WARNING * * *
The eight-headed hydra bites you!
You die...

#####P .. .. ## ..###.#
....... ### #### .......
#.## #..## .......
##..##########....
.......###........#...'...^
....$..'F#........#P[##....
........kD@......+....#....
".......###......######.#.#
#..##.### ##.#..## ##### #
## ###.## ###


You could see an eight-headed hydra, a spiny frog and a rime drake.

Vanquished Creatures
  Harold (D:8)
  3 hydras (Lair:3)
  3 two-headed ogres (D:9)
  A hell knight (Volcano)
  A salamander mystic (Volcano)
  Pikel (D:5)
  A deep elf mage (D:9)
  An ugly thing (D:11)
  A cyclops (D:11)
  Maurice (D:8)
  2 manticores
  5 elephants (Lair:3)
  5 salamanders (Volcano)
  Joseph (D:10)
  A gargoyle (D:11)
  8 spiny frogs
  2 komodo dragons (Lair:2)
  2 trolls (D:10)
  2 jumping spiders (Lair:2)
  A queen bee (D:9)
  2 hippogriffs
  A slime creature (D:5)
  A redback (Lair:2)
  3 wyverns
  12 yaks
  A basilisk (Lair:2)
  A hungry ghost (D:11)
  A soldier ant (D:9)
  An acid dragon (D:11)
  4 porcupines
  7 water moccasins
  A hornet zombie (D:10)
  3 ice beasts
  4 orc warriors
  An eye of draining (D:9)
  2 slaves (D:5)
  3 phantoms
  4 sky beasts
  6 ogres
  A black bear (D:9)
  2 necrophages
  11 centaurs
  2 crocodiles
  6 big kobolds
  15 bullfrogs
  A wyvern zombie (D:6)
  18 killer bees (D:9)
  4 scorpions
  10 wights
  2 howler monkeys
  2 electric eels (Lair:2)
  4 crimson imps
  2 bullfrog zombies
  6 hounds
  2 quasits
  5 orc priests
  6 jellies
  A bullfrog skeleton (D:4)
  A centaur skeleton (D:11)
  9 orc wizards
  6 iguanas
  Natasha (thrice) (D:3)
  Terence (D:2)
  5 worker ants
  A killer bee zombie (D:5)
  2 hound skeletons
  10 gnolls
  17 adders
  A shadow imp (D:11)
  8 oozes
  An adder skeleton (D:9)
  7 leopard geckos
  35 orcs
  3 giant cockroaches
  9 goblins
  6 hobgoblins
  5 jackals
  30 kobolds
  5 quokkas
  A ball python (D:4)
  9 bats
  A frilled lizard (D:3)
  2 leopard gecko zombies
  A quokka skeleton (D:9)
  5 rats
385 creatures vanquished.

Vanquished Creatures (collateral kills)
  A komodo dragon (Lair:3)
  A hippogriff (Lair:3)
  A yak (Lair:3)
3 creatures vanquished.

Vanquished Creatures (others)
  2 kobolds (D:5)
  A fungus (Lair:2)
  10 toadstools (D:5)
13 creatures vanquished.

Grand Total: 401 creatures vanquished

Notes
Turn   | Place    | Note
-------+----------+-------------------------------------------
     0 | D:1      | esteth the Minotaur Berserker began the quest for the Orb.
     0 | D:1      | Reached XP level 1. HP: 19/19 MP: 0/0
   219 | D:1      | Reached XP level 2. HP: 27/27 MP: 1/1
   508 | D:2      | Noticed an ogre
   516 | D:2      | Killed an ogre
   516 | D:2      | Reached skill level 4 in Axes
   516 | D:2      | Reached XP level 3. HP: 22/34 MP: 2/2
   516 | D:2      | Reached XP level 4. HP: 26/41 MP: 3/3
   719 | D:2      | Reached XP level 5. HP: 41/47 MP: 4/4
   902 | D:2      | Noticed Terence
   909 | D:2      | Killed Terence
  1025 | D:2      | Reached ** piety under Trog
  1173 | D:2      | Found a stormy altar of Qazlal.
  1173 | D:2      | Found a shattered altar of Ashenzari.
  1193 | D:2      | Reached skill level 5 in Fighting
  1193 | D:2      | Reached skill level 5 in Axes
  1437 | D:3      | Noticed Natasha
  1441 | D:3      | Killed Natasha
  1441 | D:3      | Reached XP level 6. HP: 46/56 MP: 5/5
  1640 | D:3      | Noticed Natasha
  1651 | D:3      | Killed Natasha
  1933 | D:3      | Noticed Natasha
  1937 | D:3      | Killed Natasha
  2101 | D:4      | Found a shadowy altar of Dithmenos.
  2544 | D:5      | Entered Level 5 of the Dungeon
  2619 | D:5      | Reached skill level 5 in Armour
  2619 | D:5      | Reached XP level 7. HP: 39/62 MP: 6/6
  2937 | D:5      | Found a sacrificial altar of Ru.
  2968 | D:5      | Reached skill level 6 in Axes
  3227 | D:5      | Reached *** piety under Trog
  3479 | D:5      | Found a staircase to the Ecumenical Temple.
  3531 | D:5      | Noticed Pikel
  3553 | D:5      | Killed Pikel
  3553 | D:5      | Reached skill level 8 in Axes
  3553 | D:5      | Reached XP level 8. HP: 40/74 MP: 7/7
  3913 | D:5      | Reached skill level 9 in Axes
  4031 | D:5      | Noticed a slime creature
  4039 | D:5      | Reached XP level 9. HP: 64/84 MP: 8/8
  4227 | D:6      | Found a blossoming altar of Fedhas.
  4420 | D:6      | Reached skill level 10 in Fighting
  4420 | D:6      | Reached skill level 10 in Axes
  4741 | D:6      | Found a shadowy altar of Dithmenos.
  4860 | D:6      | Reached **** piety under Trog
  5338 | D:7      | Reached skill level 11 in Axes
  5959 | D:8      | Noticed Harold
  5975 | D:8      | Killed Harold
  5975 | D:8      | Reached skill level 12 in Axes
  5975 | D:8      | Reached XP level 10. HP: 57/97 MP: 9/9
  6204 | D:8      | Noticed Maurice
  6210 | D:8      | Killed Maurice
  6627 | D:8      | Found Suwniufu's Armour Shop.
  7129 | D:9      | Noticed a deep elf mage
  7140 | D:9      | Killed a deep elf mage
  7140 | D:9      | Received a gift from Trog
  7151 | D:9      | Reached ***** piety under Trog
  7236 | D:9      | Noticed a two-headed ogre
  7244 | D:9      | Killed a two-headed ogre
  7244 | D:9      | Reached skill level 13 in Axes
  7875 | D:9      | Noticed a two-headed ogre
  7877 | D:9      | Reached XP level 11. HP: 96/107 MP: 10/10
  7888 | D:9      | Killed a two-headed ogre
  8173 | D:9      | Noticed a two-headed ogre
  8178 | D:9      | Killed a two-headed ogre
  8179 | D:9      | Reached skill level 14 in Axes
  8199 | D:9      | Found a bloodstained altar of Trog.
  8302 | D:9      | Received a gift from Trog
  8305 | D:9      | Got a bloodstained battleaxe {god gift}
  8306 | D:9      | Identified the +11 battleaxe "Widowmaker" {chop, Str+2}
                  | (Trog gifted it to you on level 9 of the Dungeon)
  8367 | D:9      | Found a bloodstained altar of Trog.
  8410 | D:10     | Entered Level 10 of the Dungeon
  8459 | D:10     | Noticed Joseph
  8467 | D:10     | Killed Joseph
  8907 | D:10     | Reached skill level 15 in Axes
  9680 | D:11     | Reached skill level 16 in Axes
  9835 | D:11     | Found a staircase to the Orcish Mines.
  9908 | D:11     | Noticed a purple ugly thing
  9912 | D:11     | Received a gift from Trog
  9916 | D:11     | Killed a purple ugly thing
  9916 | D:11     | Reached XP level 12. HP: 117/117 MP: 11/11
 10007 | D:11     | Found a staircase to the Lair.
 10192 | Lair:1   | Entered Level 1 of the Lair of Beasts
 10281 | Lair:1   | Reached skill level 17 in Axes
 10473 | Lair:1   | Found a shattered altar of Ashenzari.
 10478 | Lair:1   | Got a dazzling war axe
 11233 | Lair:2   | Found a hole to the Spider Nest.
 11408 | Lair:3   | Reached skill level 18 in Axes
 11424 | Lair:3   | Noticed a seven-headed hydra
 11434 | Lair:3   | Killed an eight-headed hydra
 11459 | Lair:3   | Noticed a five-headed hydra
 11463 | Lair:3   | Killed a seven-headed hydra
 11579 | Lair:3   | Reached skill level 19 in Axes
 11686 | Lair:3   | Found a dark tunnel.
 11697 | Volcano  | Entered a volcano
 11791 | Volcano  | Received a gift from Trog
 11791 | Volcano  | Reached XP level 13. HP: 99/124 MP: 12/12
 12038 | Lair:3   | Reached skill level 20 in Axes
 12168 | Lair:3   | HP: 6/124 [eight-headed hydra (9)]
 12168 | Lair:3   | HP: 2/124 [eight-headed hydra (2)]
 12168 | Lair:3   | Mangled by an eight-headed hydra

Skill      XL: |  1  2  3  4  5  6  7  8  9 10 11 12 13 |
---------------+----------------------------------------+-----
Fighting       | 4 5 8 9 12 13 14 | 14.0
Axes           | 4 5 8 9 12 13 16 19 20 | 20.0
Armour         | 3 4 5 |  5.1
Dodging        | 3 4 |  4.6

Action                   |  1- 3 |  4- 6 |  7- 9 | 10-12 | 13-15 || total
-------------------------+-------+-------+-------+-------+-------++-------
Melee: Hand axe          |    29 |    18 |       |       |       ||    47
       Headbutt          |     5 |    16 |    60 |    71 |     5 ||   157
       Battleaxe         |       |   109 |   257 |   389 |    14 ||   769
Invok: Berserk           |     1 |       |     3 |     5 |     1 ||    10
       Trog's Hand       |       |       |       |     1 |     2 ||     3
       Brothers in Arms  |       |       |       |     1 |       ||     1
Evoke: Wand              |       |       |     3 |       |       ||     3
  Use: Scroll            |       |       |     1 |    12 |     2 ||    15
       Potion            |       |       |       |       |     1 ||     1
  Eat: Chunk             |       |     5 |    12 |    18 |     3 ||    38
       Ration            |       |       |     1 |     2 |       ||     3
Armor: Scale mail        |    12 |    82 |    84 |    69 |       ||   247
       Troll leather arm |       |       |       |    42 |    14 ||    56
Dodge: Dodged            |     7 |   106 |   198 |   306 |    27 ||   644
